 Dungeon Crawl Stone Soup version 0.25.1-2-g60ff931df9 (webtiles) character file.

Game seed: 6011246870083022390

3492 Usodya the Shooter (level 9, -11/74 HPs)
             Began as a Minotaur Hunter on Sept 2, 2020.
             Was a Priest of Makhleb.
             Mangled by an orc warrior
             ... wielding a +0 flail of draining
              (12 damage)
             ... on level 9 of the Dungeon.
             The game lasted 01:20:16 (10919 turns).

Usodya the Shooter (Minotaur Hunter)               Turns: 10919, Time: 01:20:16

Health: -11/74     AC:  8    Str: 17    XL:     9   Next: 80%
Magic:  13/13      EV: 13    Int: 10    God:    Makhleb [***...]
Gold:   524        SH:  0    Dex: 12    Spells: 14/15 levels left

rFire    + . .     SeeInvis .   b - +0 trident (vorpal)
rCold    x . .     Gourm    .   (no shield)
rNeg     . . .     Faith    .   i - +0 ring mail
rPois    +         Spirit   .   E - +0 hat {MR+}
rElec    .         Reflect  .   (no cloak)
rCorr    .         Harm     .   j - +0 pair of gloves
MR       +....                  x - +0 pair of boots
Stlth    +.........             k - amulet of the acrobat
HPRegen  0.22/turn              B - ring of poison resistance
MPRegen  0.13/turn              D - ring of fire

@: heavily drained
A: retaliatory headbutt, horns 2
a: Minor Destruction, Lesser Servant of Makhleb, Renounce Religion


You were on level 9 of the Dungeon.
You worshipped Makhleb.
Makhleb was most pleased with you.
You were not hungry.

You visited 1 branch of the dungeon, and saw 9 of its levels.

You collected 524 gold pieces.

Inventory:

Hand Weapons
 a - a +1 shortbow
 b - a +0 vorpal trident (weapon)
 H - the +5 quarterstaff "Yqapsew" {pain, rN+ MR- Str-2 Int+6}
   (You found it on level 6 of the Dungeon)

   In the hands of one skilled in necromantic magic, it inflicts extra damage on
   living creatures.
   It affects your strength (-2).
   It affects your intelligence (+6).
   It protects you from negative energy.
   It affects your resistance to hostile enchantments.
 L - a +0 scythe
Missiles
 g - 47 arrows
 r - 23 poisoned darts (quivered)
 t - 6 atropa-tipped darts
 G - 4 boomerangs
Armour
 c - a +0 leather armour
 i - a +0 ring mail (worn)
 j - a +0 pair of gloves (worn)
 x - a +0 pair of boots (worn)
 E - a +0 hat of magic resistance (worn)
Magical Staves
 A - an uncursed staff of cold
Jewellery
 e - an uncursed amulet of guardian spirit
 k - an amulet of the acrobat (around neck)
 B - a ring of poison resistance (left hand)
 D - a ring of fire (right hand)
 I - an uncursed ring of positive energy
 Q - an uncursed amulet of reflection {unknown}
Wands
 y - a wand of polymorph (7)
 C - a wand of acid (7)
Scrolls
 d - 2 scrolls of enchant weapon {unknown}
 h - 2 scrolls of amnesia {unknown}
 n - 3 scrolls of fog {unknown}
 o - 8 scrolls of remove curse {unknown}
 p - 6 scrolls of teleportation {unknown}
 q - a scroll of fear {unknown}
 s - a scroll of holy word {unknown}
 u - a scroll of magic mapping {unknown}
 w - a scroll of immolation {unknown}
 F - 5 scrolls of identify
Potions
 l - a potion of flight
 m - 2 potions of ambrosia
 v - a potion of might {unknown}
 z - a potion of brilliance {unknown}
 K - a potion of mutation {unknown}
 M - 2 potions of degeneration {unknown}
 N - a potion of stabbing {unknown}
Comestibles
 f - 11 rations


   Skills:
 + Level 5.3(3.8) Fighting
 + Level 3.6(2.2) Polearms
 + Level 7.9(6.4) Bows
 + Level 3.2(1.8) Throwing
 + Level 6.7(5.2) Armour
 + Level 6.8(5.3) Dodging
 + Level 1.5(0.2) Stealth
 + Level 0.3(0.0) Unarmed Combat
 + Level 3.5(2.1) Spellcasting
 + Level 2.8(1.5) Hexes
 + Level 0.1(0.0) Invocations
 + Level 0.5(0.0) Evocations


You had 14 spell levels left.
You knew the following spells:

 Your Spells              Type           Power        Failure   Level  Hunger
a - Corona                Hex            #......      28%         1    ##.....

Your spell library contained the following spells:

 Spells                   Type           Power        Failure   Level  Hunger
 Animate Skeleton         Necr           N/A          47%         1    ##.....
 Apportation              Tloc           #.....       47%         1    ##.....
 Summon Small Mammal      Summ           #...         47%         1    ##.....


Dungeon Overview and Level Annotations

Branches:
Dungeon (9/15)             Temple (0/1) D:5
   Lair: D:8-11         Orc: D:9-12

Altars:
Cheibriados
Elyvilon
Hepliaklqana
Makhleb
Nemelex Xobeh
Okawaru
Ru
Sif Muna
Trog
Uskayaw
Yredelemnul


Innate Abilities, Weirdness & Mutations

You reflexively headbutt those who attack you in melee.
You have a pair of horns on your head.


Message History

The orc warrior hits you with a +0 flail of draining!
You feel drained. The orc warrior completely misses you.
The orc warrior misses you. You furiously retaliate!
You headbutt the orc warrior! The orc warrior misses you.
The orc warrior completely misses you. The orc warrior barely misses you.
The orc warrior hits you with a +0 flail of draining!
* * * LOW HITPOINT WARNING * * *
You feel drained.
* * * LOW HITPOINT WARNING * * *
You feel better.
The orc warrior hits you with a +0 flail of draining!
* * * LOW HITPOINT WARNING * * *
You feel drained.
* * * LOW HITPOINT WARNING * * *
It was a potion of magic.
Magic courses through your body.
The orc warrior hits you with a +0 flail of draining!
You die...

'....(.# #<...(.#
......# ..(.. .o.
#Y# ###o# #.o.#
#@### ####+## ####.#
#.....# #....#
##.....# ##'######
.'.....# ###.......#
##.....###.'.......#
#.....'...#.......#
#.....#####.......#
#.....# #.......#


You could see an orc warrior, an ice beast and an orc.

Vanquished Creatures
  Pikel (D:7)
  A hippogriff (D:9)
  Sigmund (D:5)
  Menkaure (D:5)
  Duvessa (D:5)
  A water moccasin (D:5)
  A hornet zombie (D:8)
  2 ice beasts
  2 phantoms (D:7)
  A sky beast (D:6)
  4 slaves (D:7)
  A necrophage (D:8)
  2 ogres
  A centaur (D:5)
  A big kobold (D:7)
  2 bullfrogs
  Dowan (D:5)
  A scorpion (D:4)
  3 howler monkeys
  2 crimson imps
  2 hounds
  4 jellies
  2 orc priests
  10 orc wizards
  2 bullfrog skeletons
  An iguana (D:4)
  4 worker ants
  A hound zombie (D:6)
  2 hound skeletons
  A worker ant zombie (D:6)
  A howler monkey skeleton (D:7)
  6 gnolls
  6 adders
  An ooze (D:1)
  3 worms
  2 dart slugs
  7 leopard geckos
  17 orcs
  3 giant cockroaches
  2 goblins
  12 hobgoblins
  14 jackals
  10 kobolds
  2 quokkas (D:3)
  2 ball pythons (D:3)
  6 bats
  6 frilled lizards
  A leopard gecko skeleton (D:7)
  A leopard gecko zombie (D:5)
  3 quokka skeletons
  14 rats
178 creatures vanquished.

Vanquished Creatures (others)
  A crimson imp (D:6)
  An orc wizard (D:3)
  An adder skeleton (D:5)
  A quokka (D:5)
4 creatures vanquished.

Grand Total: 182 creatures vanquished

Notes
Turn   | Place    | Note
-------+----------+-------------------------------------------
     0 | D:1      | Usodya the Minotaur Hunter began the quest for the Orb.
     0 | D:1      | Reached XP level 1. HP: 18/18 MP: 0/0
   171 | D:1      | Reached XP level 2. HP: 25/25 MP: 1/1
   318 | D:1      | Reached skill level 5 in Bows
   582 | D:1      | Reached XP level 3. HP: 30/30 MP: 2/2
   768 | D:2      | Found a burning altar of Makhleb.
   846 | D:2      | Became a worshipper of Makhleb the Destroyer
  1032 | D:2      | Noticed a moth of wrath
  1036 | D:2      | Found a bloodstained altar of Trog.
  1185 | D:2      | Reached XP level 4. HP: 37/37 MP: 3/3
  1575 | D:3      | Reached skill level 6 in Bows
  1577 | D:3      | Reached * piety under Makhleb
  1737 | D:3      | Reached skill level 1 in Armour
  1787 | D:3      | Reached XP level 5. HP: 24/44 MP: 4/4
  2507 | D:3      | Found a hide-covered altar of Uskayaw.
  2507 | D:3      | Found a sparkling altar of Nemelex Xobeh.
  2507 | D:3      | Found a sacrificial altar of Ru.
  2507 | D:3      | Found a snail-covered altar of Cheibriados.
  2661 | D:3      | Reached XP level 6. HP: 19/51 MP: 5/5
  3385 | D:4      | Learned a level 1 spell: Corona
  3727 | D:4      | Found a shimmering blue altar of Sif Muna.
  3920 | D:5      | Entered Level 5 of the Dungeon
  3977 | D:5      | Noticed Menkaure
  3994 | D:5      | Killed Menkaure
  3994 | D:5      | Reached skill level 1 in Throwing
  3994 | D:5      | Reached skill level 1 in Stealth
  3994 | D:5      | Reached XP level 7. HP: 47/57 MP: 5/7
  4199 | D:5      | Reached skill level 7 in Bows
  4199 | D:5      | Reached skill level 1 in Spellcasting
  4308 | D:5      | Noticed Dowan
  4312 | D:5      | Noticed Duvessa
  4340 | D:5      | Killed Dowan
  4563 | D:5      | Killed Duvessa
  4563 | D:5      | Reached skill level 5 in Armour
  4817 | D:5      | Found a white marble altar of Elyvilon.
  4973 | D:5      | Reached XP level 8. HP: 62/64 MP: 5/8
  5318 | D:5      | Found a staircase to the Ecumenical Temple.
  5414 | D:5      | Noticed Sigmund
  5544 | D:5      | Killed Sigmund
  5544 | D:5      | Reached ** piety under Makhleb
  5544 | D:5      | Reached skill level 5 in Dodging
  5544 | D:5      | Reached skill level 1 in Hexes
  6106 | D:6      | Got a dazzling quarterstaff
  6107 | D:6      | Identified the +5 quarterstaff "Yqapsew" {pain, rN+ MR-
                  | Str-2 Int+6} (You found it on level 6 of the Dungeon)
  6119 | D:6      | Found a bloodstained altar of Trog.
  6274 | D:6      | Reached skill level 1 in Polearms
  7499 | D:7      | Reached XP level 9. HP: 72/72 MP: 11/11
  8059 | D:7      | Found an iron altar of Okawaru.
  8389 | D:7      | Noticed Pikel
  8437 | D:7      | Killed Pikel
  8437 | D:7      | Reached skill level 5 in Fighting
  8515 | D:7      | Found a hazy altar of Hepliaklqana.
 10011 | D:8      | Reached *** piety under Makhleb
 10148 | D:8      | Found a basalt altar of Yredelemnul.
 10916 | D:9      | HP: 1/74 [orc warrior/+0 flail of draining (4)]
 10919 | D:9      | Mangled by an orc warrior

Illustrated notes

Levels and vault maps discovered:
D:1:      minmay_arrival_wavy_path, layout_basic
D:2:      minmay_chambers_of_ones, layout_basic, lemuel_crystal_altar, tgw_trog
D:3:      layout_loops_ring, chequers_temple_overflow_statue_of_worship
D:4:      layout_cave_pools, led_sif_book
D:5:      layout_rooms, elyvilon_altar_4, minmay_temple_entry_fiery,
          first_ration, nicolae_sextant, minmay_misc_feat_plants, uniq_sigmund,
          uniq_menkaure, uniq_duvessa
D:6:      layout_loops_ring, basic_altar, chequers_jeans
D:7:      layout_basic, lemuel_coloured_pillars_altar, basic_altar,
          kennysheep_generic_room_5, uniq_pikel
D:8:      layout_layer_cave, lemuel_crystal_altar
D:9:      layout_roguey, basic_altar, hangedman_pestilent_swarm,
          kennysheep_generic_room_9

Skill      XL: |  1  2  3  4  5  6  7  8  9 |
---------------+----------------------------+-----
Bows           | 5 6 7 |  7.9
Armour         | 1 2 4 5 6 |  6.7
Dodging        | 3 4 5 6 |  6.8
Fighting       | 3 4 5 |  5.3
Throwing       | 1 2 3 |  3.2
Stealth        | 1 |  1.5
Spellcasting   | 1 2 3 |  3.5
Hexes          | 1 2 |  2.8
Polearms       | 2 3 |  3.6
Unarmed Combat | |  0.3
Invocations    | |  0.1
Evocations     | |  0.5

Action                   |  1- 3 |  4- 6 |  7- 9 || total
-------------------------+-------+-------+-------++-------
Melee: Shortbow          |       |     1 |     1 ||     2
       Spear             |       |    43 |     2 ||    45
       Headbutt          |       |     4 |    15 ||    19
       Unarmed           |       |       |     9 ||     9
       Scythe            |       |       |    81 ||    81
       Trident           |       |       |    50 ||    50
 Fire: Shortbow          |    86 |    43 |    80 ||   209
Throw: Dart              |       |    22 |    30 ||    52
 Cast: Corona            |       |     4 |    60 ||    64
Invok: Minor Destruction |       |       |     1 ||     1
Evoke: Wand              |       |       |     7 ||     7
  Use: Scroll            |     2 |     2 |     7 ||    11
       Potion            |       |     4 |     4 ||     8
 Stab: Sleeping          |       |       |     1 ||     1
  Eat: Chunk             |     1 |     9 |     8 ||    18
       Ration            |       |       |     5 ||     5
Armor: Leather armour    |     1 |       |       ||     1
       Ring mail         |     9 |    60 |   165 ||   234
Dodge: Dodged            |    20 |   340 |   899 ||  1259
